 Dungeon Crawl Stone Soup version 0.31.0-9-g3a7656b989 (webtiles) character file.

Game seed: 16354607987353371467

4 qw the Shooter (level 1, -1/17 HPs)
             Began as a Demigod Hunter on Feb 2, 2024.
             Slain by a hobgoblin (4 damage)
             ... on level 1 of the Dungeon.
             The game lasted 00:00:00 (31 turns).

qw the Shooter (Demigod Hunter)                       Turns: 31, Time: 00:00:00

Health: -1/17      AC:  3    Str: 12    XL:     1   Next: 46%
Magic:  3/3        EV: 12    Int: 11    God:
Gold:   0          SH:  0    Dex: 17    Spells: 0/0 levels left

rFire   . . .        a - +0 shortbow
rCold   . . .        (shield currently unavailable)
rNeg    . . .        c - +0 leather armour
rPois   .            (no helmet)
rElec   .            (no cloak)
rCorr   .            (no gloves)
SInv    .            (no boots)
Will    .....        (no amulet)
Stlth   ++           (no ring)
HPRegen 0.22/turn    (no ring)
MPRegen 0.08/turn

%: no passive effects
@: no status effects
A: high MP 1, forlorn, divine attributes
a: no special abilities


You were on level 1 of the Dungeon.
You visited 1 branch of the dungeon, and saw 1 of its levels.


Innate Abilities, Weirdness & Mutations

You have an increased reservoir of magic. (+10% MP)
You shall have no god before yourself.
Your divine heritage dramatically boosts your attributes as you level up.


   Skills:
 - Level 1.7 Fighting
 + Level 3.9 Ranged Weapons
 - Level 1.7 Dodging
 - Level 0.8 Stealth


You couldn't memorise any spells.
You didn't know any spells.
Your spell library was empty.

Inventory:

Hand Weapons
 a - a +0 shortbow (weapon)
Armour
 c - a +0 leather armour (worn)
Scrolls
 b - a scroll of butterflies
 d - a scroll of identify {unknown}

Dungeon Overview and Level Annotations

Branches:
Dungeon (1/15)


Message History

The arrow hits the jackal.
You kill the jackal!
The jackal bites you but does no damage. x2
You shoot an arrow. The arrow closely misses the jackal.
The jackal barely misses you.
The jackal bites you. x2; The jackal misses you.
You shoot an arrow. The arrow hits the jackal.
The jackal is lightly wounded.
The jackal barely misses you. The jackal bites you. x2
The jackal completely misses you.
You shoot an arrow. The arrow misses the jackal.
The jackal misses you. The jackal barely misses you.
You shoot an arrow. The arrow barely misses the jackal.
The jackal bites you. x2; The jackal barely misses you.
The jackal bites you but does no damage.
You shoot an arrow. The arrow hits the jackal.
You kill the jackal!
The jackal bites you but does no damage.
The hobgoblin hits you but does no damage.
The jackal bites you but does no damage.
The hobgoblin hits you.
You shoot an arrow. The arrow hits the hobgoblin.
The hobgoblin is lightly wounded.
The jackal bites you but does no damage.
The hobgoblin misses you.
The jackal bites you but does no damage.
You shoot an arrow. The arrow closely misses the hobgoblin.
The jackal closely misses you.
A rat comes into view.
The hobgoblin barely misses you. The jackal barely misses you.
You shoot an arrow. The rat squeaks loudly.
The arrow hits the hobgoblin.
The hobgoblin is moderately wounded.
The hobgoblin closely misses you.
The jackal bites you but does no damage.
You shoot an arrow. The arrow hits the hobgoblin.
The hobgoblin is severely wounded.
The jackal barely misses you. The hobgoblin hits you. The jackal misses you.
The hobgoblin hits you.
You die...

....~..<..~.......
....#.....#.......
. ##¤~¤#'.......
##........:....
#........)....#
#..............
#..............
##.............
##.@....#......
#.hg...........
.....#....#.....=
..#####....r[....
#.........
#.........
......##.. ..#...#
. ... .g..


You could see a jackal, a hobgoblin and a rat.

Vanquished Creatures
  3 jackals (D:1)
  A rat (D:1)
4 creatures vanquished.

Notes
Turn   | Place    | Note
-------+----------+-------------------------------------------
     0 | D:1      | qw the Demigod Hunter began the quest for the Orb.
     0 | D:1      | Reached XP level 1. HP: 17/17 MP: 3/3
     0 | D:1      | 0 ||| qw: Version: 0.3-a-155-g5e7d8dd
     0 | D:1      | 0 ||| qw: Game counter: 161
     0 | D:1      | 0 ||| qw: Melee chars always use a shield: true
     0 | D:1      | 0 ||| qw: God list: Okawaru
     0 | D:1      | 0 ||| qw: Allow faded altars: false
     0 | D:1      | 0 ||| qw: Do Orc after clearing Dungeon:15 true
     0 | D:1      | 0 ||| qw: Do second Lair branch before Depths: true
     0 | D:1      | 0 ||| qw: Lair rune preference: random
     0 | D:1      | 0 ||| qw: Goals: Normal
     0 | D:1      | 0 ||| PLANNING D:1-11
    18 | D:1      | 18 ||| RETREEEEATING.
    26 | D:1      | HP: 4/17 [jackal (1)]
    31 | D:1      | HP: 3/17 [hobgoblin (2)]
    31 | D:1      | Slain by a hobgoblin

Levels and vault maps discovered:
D:1:      dpeg_arrival_rooms_with_view, layout_rooms, serial_forest,
          infiniplex_forest_end_double, infiniplex_forest_pool,
          infiniplex_forest_join, infiniplex_forest_lined_3_way,
          infiniplex_forest_clump_double, infiniplex_forest_pool,
          infiniplex_forest_clump_long

Action                     || total
---------------------------++-------
   Fire: Shortbow          ||    19
 Armour: Leather armour    ||    23
  Dodge: Dodged            ||    16

Table legend:
 A = Non-vault XP
 B = Vault XP
 C = Vault XP percentage of total XP
 D = Non-vault monster count
 E = Vault monster count
 F = Vault count percentage of total count
                 A         B        C        D         E       F
            +---------+---------+-------+---------+---------+-------
      Total |       7 |       0 |   0.0 |       4 |       0 |   0.0
            +---------+---------+-------+---------+---------+-------
        D:1 |       7 |       0 |   0.0 |       4 |       0 |   0.0
            +---------+---------+-------+---------+---------+-------
